AoeStats
← 烏雲中

Lombardia

507930170Analyzed
4v4 RM · 13d ago on Sep 20, 2026· 28m 42s· 8 players
Game mode
Random Map
Map size
Large (8 player)
Population
200
Speed
Normal
Resources
Standard
Victory
Conquest
Starting age
Dark Age
Ending age
Imperial Age
RankedLock teamsTeams togetherTeam positionsShared explorationLock speedFull tech treeHidden civsTurbo modeCheats
Victory
Defeat
🇹🇼 Maya · Taiwan
1512
+7
🇹🇼 Burgundians · Taiwan
1257
+16
🇹🇼 Spanish · Taiwan
1244
+16
🇹🇼 Saracens · Taiwan
1045
+23
🇫🇷 Malians · France
1275
-16
🇨🇳 Chinese · China
1271
-16
🇹🇼 Turks · Taiwan
1254
-16
🇨🇳 Italians · China
1226
-14
只會5TC
7:55 Loom
10:05 Feudal Age
10:33 Double-Bit Axe
12:21 Horse Collar
14:02 Scale Barding Armor
14:52 Forging
20:16 Bloodlines
26:24 Castle Age
25:35 Gold Mining
29:23 Wheelbarrow
巨大的问号
0:33 Loom
8:59 Feudal Age
9:37 Double-Bit Axe
11:07 Horse Collar
13:27 Scale Barding Armor
18:25 Gold Mining
19:22 Wheelbarrow
21:37 Castle Age
23:41 Bloodlines
23:34 Husbandry
24:16 Gold Shaft Mining
25:36 Bow Saw
26:05 Stone Mining
28:59 Imperial Age
29:05 Imperial Age
28:44 Forging
Zarathustra
9:20 Loom
11:19 Feudal Age
9:37 Loom
12:38 Double-Bit Axe
13:14 Horse Collar
19:30 Castle Age
18:37 Gold Mining
18:39 Stone Mining
21:27 Bow Saw
21:20 Heavy Plow
26:50 Wheelbarrow
STABYLO
11:11 Feudal Age
15:10 Castle Age
13:51 Double-Bit Axe
13:46 Horse Collar
16:25 Bow Saw
21:03 Wheelbarrow
25:51 Heavy Plow
26:23 Loom
30:11 Imperial Age
28:15 Hand Cart
28:29 Bloodlines
28:26 Scale Barding Armor
28:38 Husbandry
高德納
0:26 Loom
9:41 Feudal Age
11:58 Double-Bit Axe
16:07 Horse Collar
17:40 Town Watch
22:04 Wheelbarrow
26:38 Castle Age
26:01 Padded Archer Armor
25:52 Fletching
26:06 Padded Archer Armor
27:41 Bodkin Arrow
28:39 Thumb Ring
28:00 Crossbowman
烏雲中
7:29 Double-Bit Axe
10:35 Feudal Age
15:15 Castle Age
13:41 Bow Saw
13:22 Horse Collar
14:53 Heavy Plow
15:40 Scale Barding Armor
16:28 Cavalier
18:23 Wheelbarrow
19:00 Loom
19:54 Husbandry
22:24 Chain Barding Armor
貓妖
5:08 Loom
9:42 Feudal Age
11:58 Double-Bit Axe
17:00 Castle Age
15:30 Horse Collar
17:45 Stone Mining
18:41 Gold Mining
21:24 Wheelbarrow
21:38 Bow Saw
21:36 Heavy Plow
26:52 Scale Barding Armor
戳中之霸 DY能兒
11:37 Feudal Age
16:00 Castle Age
14:20 Double-Bit Axe
15:01 Horse Collar
15:45 Stone Mining
19:24 Wheelbarrow
20:50 Loom
21:18 Loom
24:23 Bow Saw
24:06 Gold Mining
26:30 Husbandry
27:42 Heavy Plow
28:01 Padded Archer Armor
29:06 Bloodlines
Connection lost

Rejoining the realm…

Still unreachable

The connection could not be restored.

Session expired

The server has moved on; the page needs a fresh start.